cohdb
Replays
Latest Replays
All Replays
Popular Replays
Top Player Replays
Match Explorer
How It Works
Community
CoH3 Stats
Reddit
Sign in to upload your games and track your stats! →
Sign in with Steam
Match 42536461
Unlisted
Match 42536461
Overview
Messages
Build Orders
End
Construct Infanterie Kompanie
MG 42 Machine Gun Team
MG 42 Machine Gun Team
MG 42 Machine Gun Team
Infanterie Officer Quarters
GrW 34 Mortar Team
Grenadier Squad
Grenadier Squad
Construct Luftwaffe Kompanie
Luftwaffe Officer Quarters
Jäger Squad
Selects Mechanized Battlegroup
Selects Raid Package
Medical Station
221 Scout Car
Support Elements
Wirbelwind Flakpanzer
Jäger Squad
Jäger Squad
Selects Mobile Repair Stations
Selects Wespe Self-propelled Artillery
Wespe Self-propelled Artillery
Jou Ma
Textil
Jd577
Bones
Brazuca
fslxxx
Galvinha
Resilient
0
0
Comments
sign in to comment!
No comments posted yet!